 Dungeon Crawl Stone Soup version 0.32-a0-886-g41c5271027 (webtiles) character file.

Game seed: 16950133294192514226

65649 Griffin23 the Fencer (level 14, -1/205 HPs)
             Began as a Minotaur Berserker on Apr 2, 2024.
             Was a High Priest of Trog.
             Slain by Donald
             ... wielding a +0 demon trident of electrocution
              (12 damage)
             ... on level 2 of the Orcish Mines.
             The game lasted 00:43:01 (21256 turns).

Griffin23 the Fencer (Minotaur Berserker)          Turns: 21256, Time: 00:43:02

Health: -1/205     AC: 26    Str: 29    XL:     14   Next: 76%
Magic:  15/15      EV: 13    Int: 10    God:    Trog [*****.]
Gold:   1520       SH: 12    Dex: 11    Spells: 13/13 levels left

rFire   . . .        W - +4 scimitar (flame)
rCold   . . .        g - +0 buckler
rNeg    . . .        S - +2 plate armour {Will+}
rPois   +            k - +2 hat {Int+3}
rElec   .            u - +0 cloak
rCorr   .            C - +0 pair of gloves
SInv    .            L - +0 pair of boots
Will    +++..        K - amulet of reflection Stlth
                     q - ring of willpower
HPRegen 0.54/turn    t - ring "Usablah" {rPois EV+5 Str+3 Int+3}
MPRegen 0.14/turn

%: reflection
@: berserking (expiring), slowed
A: horns 2, retaliatory headbutt
a: Renounce Religion, Berserk, Trog's Hand, Brothers in Arms


You were on level 2 of the Orcish Mines.
You worshipped Trog.
Trog was extremely pleased with you.
You visited 3 branches of the dungeon, and saw 19 of its levels.

You collected 1610 gold pieces.
You spent 90 gold pieces at shops.

Inventory:

Hand Weapons
 W - a +4 scimitar of flaming (weapon)
Missiles
 A - 6 boomerangs (quivered)
 V - 4 throwing nets
Armour
 g - a +0 buckler (worn)
 k - a +2 hat of intelligence (worn)
 u - a +0 cloak (worn)
 C - a +0 pair of gloves (worn)
 L - a +0 pair of boots (worn)
 S - a +2 plate armour of willpower (worn)
Jewellery
 q - a ring of willpower (left hand)
 t - the ring "Usablah" (right hand) {rPois EV+5 Str+3 Int+3}
   (You found it on level 3 of the Dungeon)

   [ring of evasion]

   EV+5:      It affects your evasion (+5).
   Str+3:     It affects your strength (+3).
   Int+3:     It affects your intelligence (+3).
   rPois:     It protects you from poison.
 B - an amulet of regeneration
 G - a ring of positive energy
 K - an amulet of reflection (around neck)
Wands
 a - a wand of polymorph (3)
 m - a wand of roots (11)
 o - a wand of paralysis (14)
 D - a wand of mindburst (18)
 I - a wand of flame (47)
 M - a wand of light (27)
Scrolls
 d - 7 scrolls of teleportation
 e - 4 scrolls of fear
 h - 4 scrolls of brand weapon
 l - 7 scrolls of enchant weapon
 p - 4 scrolls of silence
 r - a scroll of torment
 s - a scroll of butterflies
 v - 3 scrolls of identify
 x - 4 scrolls of fog
 y - 3 scrolls of poison
 z - 2 scrolls of amnesia
 N - a scroll of revelation {unknown}
 X - a scroll of immolation
Potions
 b - a potion of magic {unknown}
 c - a potion of cancellation {unknown}
 f - 2 potions of haste
 i - 3 potions of attraction
 j - 3 potions of brilliance
 n - 2 potions of curing
 w - 4 potions of mutation
 E - 2 potions of might
 F - a potion of berserk rage {unknown}
 H - 3 potions of invisibility
 P - a potion of resistance {unknown}
 Q - a potion of experience {unknown}
 T - a potion of enlightenment {unknown}
 U - 2 potions of degeneration
 Y - a potion of heal wounds
Miscellaneous
 J - a condenser vane
 O - a box of beasts (inert)
 R - a phantom mirror (inert)
 Z - a lightning rod (4/4)


   Skills:
 + Level 16.2 Fighting
 + Level 16.8 Long Blades
 + Level 15.9 Armour
 - Level 2.1 Dodging
 - Level 14.0 Shields
 + Level 3.0 Invocations
 + Level 2.7 Evocations


You had 13 spell levels left.
You didn't know any spells.
Your spell library was empty.

Dungeon Overview and Level Annotations

Branches:
Dungeon (12/15)            Temple (0/1) D:5            Lair (5/5) D:10
  Swamp (0/4) Lair:3        Snake (0/4) Lair:2        Slime (0/5) Lair:4
    Orc (2/2) D:12            Elf (0/3) Orc:2

Altars:
Elyvilon
Makhleb
Zin
Jiyva

Shops:
D:11 ?

Annotations:
D:7 2 transporters, Shayle's ghost, novice CoAl
D:11 3 runed translucent doors, garrulousMonolith's ghost, journeyman MDFi
Orc:2 Donald


Innate Abilities, Weirdness & Mutations

You have a pair of horns on your head.
You reflexively headbutt those who attack you in melee.


Message History

You are too injured to fight recklessly!
A red film seems to cover your vision as you go berserk!
You feel yourself moving faster!
You feel mighty!
Donald says, "Hey, I thought wands weren't allowed!"
You block Donald's attack.
You hit Donald but do no damage.
Donald is moderately wounded.
Donald hits you with a +0 demon trident of electrocution!
You are electrocuted!
Donald blocks your attack.
Your headbutt misses Donald.
Donald is moderately wounded.
The wraith hits you. The wraith drains your vigour!
You feel yourself slow down. Donald blocks your attack.
Donald is moderately wounded.
You block Donald's attack. You block the wraith's attack.
Donald blocks your attack.
Donald is moderately wounded.
Donald hits you with a +0 demon trident of electrocution.
* * * LOW HITPOINT WARNING * * *
Donald hits you with a +0 demon trident of electrocution!
* * * LOW HITPOINT WARNING * * *
You are electrocuted!
* * * LOW HITPOINT WARNING * * *
You are too berserk!
You are too berserk!
You are too berserk!
You hit Donald but do no damage. Your headbutt misses Donald.
Donald is moderately wounded.
You block the wraith's attack.
Donald says, "That guy with the scythe is really mean."
Donald hits you with a +0 demon trident of electrocution!!
* * * LOW HITPOINT WARNING * * *
Donald says, "Hey, I thought wands weren't allowed!"
Donald barely misses you.
You feel a strong urge to attack something.
You block the wraith's attack.
Donald hits you from afar with a +0 demon trident of electrocution!
You die...
Donald says, "I won.
I... don't hate that."

..<. .... #... ..... ...
.#.## .......... .. ....#
.....#...# ##.###....#
.......... #...#.....##
.........######.........#
...#.....#.#.###........#
..............#..W......#
........##.....$@.@....##
.........#.####++####...#
##.###..##.#...... ..#
###.###.##.#o.# ##
##...#...#.#o.#
##....#.#..#o.o.o
#..........# .'..o
##.##......# .#?$#
##........#..####


You could see Donald (fast, strong, reflecting) and a wraith.

Vanquished Creatures
  Saint Roka (Orc:2)
  Rupert (Lair:3)
  Gastronok (Lair:1)
  Nessos (Orc:2)
  The ghost of jamsaran the Fighter, a journeyman TeSu of Nemelex Xobeh (Lair:2)
  Harold (D:11)
  2 hydras
  A catoblepas (Lair:5)
  Erica (Lair:1)
  5 two-headed ogres
  A centaur warrior (D:9)
  8 death yaks
  2 boulder beetles
  Nergalle (Lair:3)
  Amaemon (D:11)
  3 skysharks
  An arcanist (D:10)
  Pikel (D:5)
  2 lindwurms (Lair:2)
  2 obsidian bats
  An ugly thing (D:12)
  2 deep elf pyromancers
  2 cyclopes
  Maurice (D:8)
  A manticore (D:7)
  2 black mambas (Lair:1)
  2 kobold blastminers (Orc:1)
  7 elephants
  An orange demon (D:11)
  3 torpor snails (Lair:4)
  A gargoyle (D:12)
  7 cane toads
  5 large abominations (D:10)
  6 rime drakes
  4 kobold demonologists
  6 komodo dragons
  4 trolls
  A hornet (D:9)
  2 polar bears (Lair:4)
  Prince Ribbit (Lair:3)
  10 blink frogs
  6 dream sheep (Lair:4)
  3 shadows
  3 vampires
  4 wyverns
  A spriggan (shapeshifter) (D:12)
  2 wraiths
  4 fire bats (Lair:2)
  50 yaks
  2 basilisks
  6 vampire mosquitoes
  3 wargs
  2 nagas (Lair:2)
  16 water moccasins
  2 acid dragons
  2 sky beasts (D:7)
  2 ice beasts (D:6)
  17 orc warriors
  3 black bears
  3 ogres
  4 centaurs
  10 wolves
  3 lemures (D:5)
  4 kobold brigands
  2 gnoll sergeants
  15 bullfrogs
  6 small abominations (D:10)
  6 scorpions
  7 wights
  5 killer bees (D:9)
  3 howler monkeys (D:8)
  3 bombardier beetles
  10 orc priests
  3 hounds
  A gnoll bouda (D:8)
  2 jellies
  A sleepcap (D:5)
  2 iguanas (D:4)
  Crazy Yiuf (D:3)
  Jessica (D:2)
  Natasha (twice) (D:3)
  Terence (D:3)
  3 hell rats (D:10)
  4 scorpion zombies (D:6)
  Ijyb (D:2)
  7 orc wizards
  4 adders
  13 gnolls
  2 river rats (D:10)
  A howler monkey skeleton (D:6)
  A shadow imp (D:7)
  4 white imps
  3 dart slugs
  A ribbon worm (D:3)
  39 orcs
  3 ball pythons
  4 endoplasms
  4 giant cockroaches
  9 goblins
  8 hobgoblins
  7 quokkas
  7 bats
  2 frilled lizards (D:1)
  32 kobolds
  4 rats
492 creatures vanquished.

Vanquished Creatures (collateral kills)
  A manticore (D:11)
  A yak (Lair:1)
2 creatures vanquished.

Vanquished Creatures (others)
  Sonja (Orc:2)
  A kobold (D:9)
2 creatures vanquished.

Grand Total: 496 creatures vanquished

Notes
Turn   | Place    | Note
-------+----------+-------------------------------------------
     0 | D:1      | Griffin23 the Minotaur Berserker began the quest for the
                  | Orb.
     0 | D:1      | Reached XP level 1. HP: 19/19 MP: 0/0
    90 | D:1      | Reached XP level 2. HP: 24/27 MP: 1/1
   873 | D:2      | Reached XP level 3. HP: 33/33 MP: 2/2
   896 | D:2      | Noticed Jessica
   903 | D:2      | Killed Jessica
  1154 | D:2      | Found a faded altar of an unknown god.
  1188 | D:2      | Reached skill level 5 in Long Blades
  1188 | D:2      | Reached XP level 4. HP: 22/41 MP: 3/3
  1551 | D:3      | Found a white marble altar of Elyvilon.
  1552 | D:3      | Found a glowing silver altar of Zin.
  1667 | D:3      | Reached ** piety under Trog
  1678 | D:3      | Noticed Ijyb
  1681 | D:3      | Paralysed by Ijyb for 3 turns
  1682 | D:3      | Noticed Terence
  1690 | D:2      | Paralysed by Ijyb for 3 turns
  1695 | D:2      | Killed Ijyb
  1732 | D:3      | Killed Terence
  1733 | D:3      | Reached XP level 5. HP: 45/47 MP: 4/4
  1810 | D:3      | Found a runed translucent door.
  1811 | D:3      | Noticed Crazy Yiuf
  1997 | D:3      | Noticed Natasha
  2007 | D:3      | Killed Natasha
  2074 | D:3      | Reached skill level 5 in Fighting
  2228 | D:3      | Found a burning altar of Makhleb.
  2242 | D:3      | Identified the ring "Usablah" {rPois EV+5 Str+3 Int+3}
  2292 | D:3      | Noticed Natasha
  2298 | D:3      | Killed Natasha
  2299 | D:3      | Reached XP level 6. HP: 53/56 MP: 5/5
  2330 | D:3      | Killed Crazy Yiuf
  2743 | D:4      | You fall into a shaft and drop 3 floors!
  2801 | D:6      | Reached XP level 7. HP: 61/62 MP: 6/6
  2843 | D:5      | Entered Level 5 of the Dungeon
  2941 | D:5      | Identified the +0 sling of Infection {heavy, rElec Str+3
                  | Stlth+}
  3215 | D:4      | Reached skill level 5 in Armour
  3299 | D:4      | Reached *** piety under Trog
  3608 | D:5      | Noticed Pikel
  3639 | D:5      | Killed Pikel
  3640 | D:5      | Reached XP level 8. HP: 47/71 MP: 7/7
  3686 | D:5      | Found a staircase to the Ecumenical Temple.
  4417 | D:6      | Reached skill level 10 in Long Blades
  5048 | D:7      | Found a transporter.
  5049 | D:7      | Found a transporter.
  5104 | D:7      | Noticed a manticore
  5115 | D:7      | Killed a manticore
  5116 | D:7      | Reached XP level 9. HP: 36/81 MP: 8/8
  5544 | D:7      | Identified the ring of Tothijaj {Wiz +Blink rElec rC-
                  | Str-3}
  5581 | D:7      | Identified the +3 ring mail of Chimes {Str+2 Dex+3 SInv}
  5769 | D:7      | Noticed Shayle's ghost (novice CoAl)
  6293 | D:8      | Noticed Maurice
  6498 | D:8      | Killed Maurice
  6677 | D:8      | Reached **** piety under Trog
  6992 | D:8      | Reached XP level 10. HP: 74/91 MP: 9/9
  7237 | D:9      | Noticed a two-headed ogre
  7242 | D:9      | Noticed a two-headed ogre
  7246 | D:9      | Killed a two-headed ogre
  7253 | D:9      | Killed a two-headed ogre
  7254 | D:9      | Reached skill level 10 in Fighting
  7554 | D:9      | Noticed a cyclops
  7554 | D:9      | Noticed a centaur warrior
  7557 | D:9      | Noticed a deep elf pyromancer
  7561 | D:9      | Killed a centaur warrior
  7563 | D:9      | Killed a cyclops
  7564 | D:9      | Reached skill level 10 in Armour
  7572 | D:9      | Killed a deep elf pyromancer
  8091 | D:9      | Reached XP level 11. HP: 84/101 MP: 10/10
  8647 | D:10     | Entered Level 10 of the Dungeon
  8662 | D:10     | Noticed a two-headed ogre
  8673 | D:10     | Killed a two-headed ogre
  8674 | D:10     | Reached skill level 15 in Long Blades
  9042 | D:10     | Noticed a deep elf pyromancer
  9049 | D:10     | Killed a deep elf pyromancer
  9438 | D:10     | Found a staircase to the Lair.
  9723 | D:10     | Noticed an arcanist
  9732 | D:10     | Killed an arcanist
  9758 | D:10     | Noticed a large abomination
  9797 | D:10     | Killed a large abomination
 10427 | D:10     | Found the +7 hand cannon "Mule" {flame, backblast, rF+}
 10503 | Lair:1   | Entered Level 1 of the Lair of Beasts
 10525 | Lair:1   | Reached skill level 1 in Shields
 10558 | Lair:1   | Noticed Gastronok
 10571 | Lair:1   | Killed Gastronok
 10572 | Lair:1   | Reached XP level 12. HP: 113/113 MP: 11/11
 10946 | Lair:1   | Noticed Erica
 10961 | Lair:1   | Killed Erica
 11118 | Lair:1   | Reached ***** piety under Trog
 11119 | Lair:1   | Reached skill level 5 in Shields
 11268 | Lair:1   | Noticed a boulder beetle
 11288 | Lair:1   | Killed a boulder beetle
 12581 | Lair:2   | Found a staircase to the Snake Pit.
 12835 | Lair:2   | Noticed a death yak
 12835 | Lair:2   | Noticed a death yak
 12835 | Lair:2   | Noticed a death yak
 12836 | Lair:2   | Noticed a death yak
 12836 | Lair:2   | Noticed a death yak
 12837 | Lair:2   | Noticed a death yak
 12846 | Lair:2   | Killed a death yak
 12847 | Lair:2   | Reached XP level 13. HP: 123/123 MP: 12/12
 12871 | Lair:2   | HP: 2/124 [death yak (6)]
 13313 | Lair:2   | Found a runed translucent door.
 13315 | Lair:2   | Noticed jamsaran's ghost (journeyman TeSu)
 13671 | Lair:2   | Reached skill level 10 in Shields
 14291 | Lair:2   | Killed jamsaran's ghost
 14535 | Lair:3   | Noticed Prince Ribbit
 14551 | Lair:3   | Noticed Nergalle
 14573 | Lair:3   | Killed Nergalle
 14576 | Lair:3   | Killed Prince Ribbit
 14934 | Lair:3   | Found a staircase to the Swamp.
 15044 | Lair:3   | Noticed Rupert
 15062 | Lair:3   | Killed Rupert
 15644 | Lair:4   | Found a viscous altar of Jiyva.
 15644 | Lair:4   | Found a staircase to the Slime Pits.
 15710 | Lair:4   | Reached skill level 15 in Fighting
 15797 | Lair:4   | Received a gift from Trog
 16126 | Lair:4   | Found the +4 skin of Zhor {*Englaciate rC+++ SInv}
 16340 | Lair:4   | Reached XP level 14. HP: 130/135 MP: 13/13
 16784 | Lair:5   | Entered Level 5 of the Lair of Beasts
 16794 | Lair:5   | Reached skill level 15 in Armour
 17858 | D:11     | Found a runed translucent gate.
 17945 | D:11     | Noticed Amaemon
 17967 | D:11     | Killed Amaemon
 18154 | D:11     | Found a runed translucent gate.
 18154 | D:11     | Found a runed translucent gate.
 18154 | D:11     | Noticed garrulousMonolith's ghost (journeyman MDFi)
 18327 | D:11     | Noticed Harold
 18339 | D:11     | Killed Harold
 18435 | D:11     | Found Vuh Vait's Magic Scroll Shoppe.
 18441 | D:11     | Bought a scroll of identify for 30 gold pieces
 18441 | D:11     | Bought a scroll of identify for 30 gold pieces
 18441 | D:11     | Bought a scroll of identify for 30 gold pieces
 18794 | D:12     | Reached skill level 1 in Invocations
 18806 | D:12     | Reached skill level 1 in Evocations
 19244 | D:12     | Found a gate leading to a gauntlet.
 19315 | D:12     | Found a staircase to the Orcish Mines.
 19386 | D:12     | Identified the +9 hand axe of Checkmate {freeze, Int+2
                  | Stlth+}
 19959 | Orc:1    | Entered Level 1 of the Orcish Mines
 20295 | Orc:2    | Entered Level 2 of the Orcish Mines
 20296 | Orc:2    | Noticed Sonja
 20381 | Orc:2    | Killed Sonja
 20457 | Orc:2    | Noticed Nessos
 20459 | Orc:2    | Found a staircase to the Elven Halls.
 20472 | Orc:2    | Killed Nessos
 20829 | Orc:2    | Noticed Saint Roka
 20862 | Orc:2    | Killed Saint Roka
 21241 | Orc:2    | Noticed Donald
 21254 | Orc:2    | HP: 10/205 [Donald/+0 demon trident of electrocution (29)]
 21256 | Orc:2    | Slain by Donald

Illustrated notes

Levels and vault maps discovered:
D:1:      dpeg_arrival_rhombus, layout_basic
D:2:      layout_basic, basic_ecumenical_altar, uniq_jessica
D:3:      layout_rooms, jmf_multi_god_temple, amcnicky_altar_gilded,
          kennysheep_generic_room_5, uniq_natasha, uniq_terence, uniq_ijyb,
          uniq_crazy_yiuf_cottage
D:4:      minmay_chambers_of_twos, layout_rooms, serial_aquarium,
          aquarium_bridge_square [aquarium_subvault_wall,
          aquarium_subvault_bridge, aquarium_subvault_bridge,
          aquarium_subvault_wall], aquarium_bridge_square
          [aquarium_subvault_window, aquarium_subvault_balcony,
          aquarium_subvault_bridge, aquarium_subvault_wall],
          aquarium_window_corridor_1, aquarium_window_1, aquarium_view_2a,
          aquarium_balcony_3a
D:5:      layout_gridville, minmay_temple_entry_waves, uniq_pikel
D:6:      layout_loops_ring, mainiacjoe_ossuary_entry_find_the_door
D:7:      layout_basic, enter_bailey_8, gammafunk_ghost_gnarly_gnolls
D:8:      layout_basic, uniq_maurice
D:9:      minmay_bloctagon_deflated, layout_grid_maze, nicolae_water_bricks
D:10:     layout_stronghold, dpeg_lair_monsters, serial_library,
          serial_library_hellmonk_semicircle, serial_library_hellmonk_u_bend,
          serial_library_regret_index_small_wings,
          serial_library_hellmonk_filled_rooms,
          serial_library_hellmonk_small_alcove,
          serial_library_hellmonk_recessed_alcove,
          serial_library_regret_index_headful, serial_library_hellmonk_h_bend,
          serial_library_hellmonk_h_bend, laboratory
D:11:     layout_roguey, gammafunk_ghost_nasty_kobolds, serial_shops,
          shop_fountains, uniq_amaemon, uniq_harold
D:12:     layout_irregular_city, david_orc_1_choice, gauntlet_entry_generic
Lair:1:   layout_small_grid, grunt_forest_large_clearings, lemuel_fruit_tree,
          uniq_gastronok, uniq_erica
Lair:2:   layout_gridlike, guppyfry_snake_entry_island,
          ebering_ghost_inner_flame, nicolae_lair_lindhole
Lair:3:   layout_chaotic_city, minmay_swamp_entry_swarm, uniq_nergalle,
          uniq_prince_ribbit2, uniq_rupert
Lair:4:   layout_cave_shapes, slime_entry_1, hellmonk_guarded_unrand_zhor
Lair:5:   evilmike_catoblepas_cave, layout_hall_layers, enter_volcano_4
Orc:1:    layout_diamond_mine, serial_shops, shop
Orc:2:    st_orc_open, layout_caves, guppyfry_library_mini, uniq_saint_roka,
          uniq_sonja, uniq_donald, uniq_josephine, uniq_nessos

Skill      XL: |  1  2  3  4  5  6  7  8  9 10 11 12 13 14 |
---------------+-------------------------------------------+-----
Long Blades    | 4 5 6 7 9 10 12 14 16 | 16.8
Fighting       | 4 5 6 8 9 10 12 13 15 16 | 16.2
Armour         | 3 4 6 7 8 10 12 13 14 15 | 15.9
Shields        | 2 9 12 14 | 14.0
Invocations    | 3 |  3.0
Evocations     | 2 |  2.7
Dodging        | |  2.1

Action                     |  1- 3 |  4- 6 |  7- 9 | 10-12 | 13-15 || total
---------------------------+-------+-------+-------+-------+-------++-------
  Melee: Falchion          |    67 |   126 |   250 |       |       ||   443
         Headbutt          |    11 |    29 |    61 |   134 |   196 ||   431
         Scimitar          |       |       |    34 |   562 |   710 ||  1306
 Invoke: Berserk           |     2 |     2 |     5 |     7 |    10 ||    26
         Trog's Hand       |       |       |       |     1 |     1 ||     2
         Brothers in Arms  |       |       |       |     1 |       ||     1
  Evoke: Wand              |       |       |     1 |    12 |     9 ||    22
         Box of beasts     |       |       |       |       |     1 ||     1
         Phantom mirror    |       |       |       |       |     1 ||     1
    Use: Scroll            |       |       |    10 |     3 |    16 ||    29
         Potion            |       |       |       |     3 |     2 ||     5
   Stab: Distracted        |     1 |       |       |       |       ||     1
         Invisible         |       |       |       |       |     2 ||     2
         Petrified         |       |       |       |       |     1 ||     1
 Armour: Animal skin       |    52 |     5 |       |       |       ||    57
         Scale mail        |       |    63 |   138 |       |       ||   201
         Chain mail        |       |       |    44 |   157 |       ||   201
         Plate armour      |       |       |       |   206 |   471 ||   677
  Dodge: Dodged            |    40 |    62 |   190 |   296 |   246 ||   834
  Block: Other             |       |       |    17 |    49 |       ||    66
         Reflection        |       |       |     3 |     3 |    20 ||    26
         Buckler           |       |       |       |   142 |   378 ||   520

Table legend: (Time is in decaauts)
 A = Elapsed time spent in this place.
 B = Non-inter-level travel time spent in this place.
 C = Inter-level travel time spent in this place.
 D = Time resting spent in this place.
 E = Time spent auto-exploring this place.
 F = Levels seen in this place.
 G = Mean time per level.
                   A        B        C        D        E       F      G
               +--------+--------+--------+--------+--------+-----+--------+
         Total |  21058 |  20216 |    842 |   4133 |  12540 |  19 | 1108.3 |
       Dungeon |  12983 |  12282 |    701 |   1922 |   8195 |  12 | 1081.9 |
          Lair |   6795 |   6671 |    124 |   1751 |   3786 |   5 | 1359.0 |
  Orcish Mines |   1279 |   1263 |     16 |    460 |    558 |   2 |  639.5 |
               +--------+--------+--------+--------+--------+-----+--------+

Top non-repeatable levels by time:
  Lair:2: 2268 daAuts
    D:10: 1821 daAuts
  Lair:1: 1625 daAuts
  Lair:4: 1497 daAuts
     D:8: 1420 daAuts
     D:9: 1403 daAuts
    D:11: 1348 daAuts
    D:12: 1153 daAuts
  Lair:3: 1136 daAuts
     D:2: 1021 daAuts
     D:4: 901 daAuts
     D:5: 892 daAuts
     D:7: 884 daAuts
     D:3: 803 daAuts
     D:6: 736 daAuts
